 Dungeon Crawl Stone Soup version 0.17.1-3-g152610e (webtiles) character file.

343 kaze the Skirmisher (level 6, 0/53 HPs)
             Began as a Hill Orc Fighter on Apr 13, 2016.
             Was an Initiate of Okawaru.
             Killed by divine providence
             ... invoked by an orc priest
              (13 damage)
             ... on level 4 of the Dungeon.
             The game lasted 00:06:26 (3769 turns).

kaze the Skirmisher (Hill Orc Fighter)              Turns: 3769, Time: 00:06:27

Health: 0/53       AC:  7    Str: 21      XL:     6   Next: 57%
Magic:  0/6        EV:  8    Int:  8      God:    Okawaru [......]
Gold:   151        SH:  9    Dex:  6 (10) Spells: 0 memorised, 5 levels left

rFire  . . .     SeeInvis .     a - +0 war axe
rCold  . . .     Clarity  .     b - +0 scale mail
rNeg   . . .     SustAt   .     c - +0 shield
rPois  .         Gourm    .     (no helmet)
rElec  .         Spirit   +     (no cloak)
rCorr  .         Warding  .     (no gloves)
rMut   .         Stasis   .     (no boots)
MR     .....                    l - amulet of guardian spirit
Stlth  ..........               (no ring)
                                (no ring)

@: not resistant to hostile enchantments, extremely unstealthy
A: no striking features
a: Renounce Religion, Convert to Beogh


You were on level 4 of the Dungeon.
You worshipped Okawaru.
Okawaru was noncommittal.
You were near starving.

You visited 1 branch of the dungeon, and saw 4 of its levels.

You collected 151 gold pieces.

Inventory:

Hand Weapons
 a - a +0 war axe (weapon)
 v - a +0 flail
Missiles
 i - 18 poisoned needles
 k - 5 tomahawks (quivered)
Armour
 b - a +0 scale mail (worn)
 c - a +0 shield (worn)
Jewellery
 l - an amulet of guardian spirit (around neck)
Scrolls
 d - 2 scrolls of recharging
 j - a scroll of blinking {unknown}
 m - 2 scrolls of remove curse
 n - 2 scrolls of teleportation
 p - a scroll of noise
 q - 2 scrolls of immolation {unknown}
 u - a scroll of enchant weapon {unknown}
Potions
 f - a potion of brilliance
 g - a potion of poison {unknown}
 t - a potion of cancellation {unknown}
Comestibles
 e - 2 bread rations
 h - a meat ration
 o - a royal jelly
 r - a beef jerky


   Skills:
 + Level 4.7 Fighting
 + Level 4.4 Axes
 + Level 4.6 Armour
 + Level 2.2 Dodging
 + Level 0.1 Stealth
 + Level 4.6 Shields


You had 5 spell levels left.
You didn't know any spells.

Dungeon Overview and Level Annotations

Branches:
Dungeon (4/15)
 Temple: D:4-7

Altars:
Cheibriados
Okawaru

Shops:
D:4 :


Message History

The orc is heavily wounded.
The orc hits you but does no damage. The orc barely misses you.
The orc priest calls upon Beogh to heal the orc.
The orc's wounds heal themselves!
Unknown command.
You hit the orc.
The orc is moderately wounded.
The orc closely misses you.
Unknown command.
You barely miss the orc.
The orc is lightly wounded.
You block the orc's attack.
Unknown command.
Your shield and scale mail prevent you from hitting the orc.
The orc is lightly wounded.
The orc priest shouts, "Join the one true god or die!"
The orc hits you but does no damage. You block the orc's attack.
The orc priest mumbles some strange prayers to Beogh against you.
Something smites you!
You die...

......# #........# #
.#...## ########.# #
......## #.# # .....(.#
#.# # .<.....# ######.##
# .......# .........# #
#......# .##.####.#
##...#.##.##.####.###.##
#.## #.../..oo@.......#
># ......o##.###...# .#
....... #.# .. ..
....... #.# ....... ...
.....## #.# #.... ...
##### ##


You could see 2 orc priests and an orc.

Vanquished Creatures
  2 orc wizards
  Robin (D:2)
  12 adders
  4 gnolls (D:3)
  An ooze (D:1)
  6 worms
  4 giant geckos
  16 orcs
  5 giant cockroaches
  8 hobgoblins
  4 bats
  4 giant newts
  23 goblins
  5 kobolds
  5 quokkas
  7 rats
107 creatures vanquished.

Notes
Turn   | Place    | Note
--------------------------------------------------------------
     0 | D:1      | kaze the Hill Orc Fighter began the quest for the Orb.
     0 | D:1      | Reached XP level 1. HP: 19/19 MP: 1/1
   118 | D:1      | Reached XP level 2. HP: 24/27 MP: 2/2
   778 | D:1      | Reached XP level 3. HP: 31/33 MP: 3/3
  1052 | D:2      | Reached skill level 4 in Fighting
  1063 | D:2      | Found a faded altar to an unknown god.
  1149 | D:2      | Noticed Robin
  1158 | D:2      | Reached XP level 4. HP: 21/40 MP: 4/4
  1160 | D:2      | Killed Robin
  1204 | D:2      | Found a snail-covered altar of Cheibriados.
  1472 | D:2      | Reached skill level 1 in Dodging
  2001 | D:3      | Reached XP level 5. HP: 41/46 MP: 5/5
  2164 | D:3      | Found an iron altar of Okawaru.
  2511 | D:3      | Became a worshipper of Warmaster Okawaru
  2648 | D:3      | Reached XP level 6. HP: 15/53 MP: 3/6
  3539 | D:4      | Found Miss's Book Shop.
  3769 | D:4      | Killed from afar by an orc priest

Action                   |  1- 3 |  4- 6 || total
-------------------------+-------+-------++-------
Melee: War axe           |   137 |   294 ||   431
  Use: Scroll            |     3 |     4 ||     7
       Potion            |     1 |     5 ||     6
  Eat: Chunk             |       |     4 ||     4
       Bread ration      |       |     1 ||     1
